 Dungeon Crawl Stone Soup version 0.21.0-3-g78d12a8 (webtiles) character file.

95 Mefis the Magician (level 4, -14/24 HPs)
             Began as a Deep Elf Wizard on Jan 9, 2018.
             Killed from afar by Ijyb (17 damage)
             ... with a wand of acid (6)
             ... on level 3 of the Dungeon.
             The game lasted 00:05:13 (2535 turns).

Mefis the Magician (Deep Elf Wizard)                Turns: 2535, Time: 00:05:14

Health: -14/24     AC:  3    Str:  4    XL:     4   Next: 40%
Magic:  8/13       EV: 13    Int: 24    God:
Gold:   142        SH:  0    Dex: 13    Spells: 2/13 levels left

rFire    . . .     SeeInvis .   e - +0 short sword (speed)
rCold    . . .     Gourm    .   (no shield)
rNeg     . . .     Faith    .   a - +0 robe
rPois    .         Spirit   .   m - +0 helmet
rElec    .         Reflect  .   (no cloak)
rCorr    .         Harm     .   (no gloves)
MR       .....                  (no boots)
Stlth    ++........             (no amulet)
HPRegen  0.08/turn              (no ring)
MPRegen  0.13/turn              (no ring)

@: very slightly contaminated
A: no striking features
a: no special abilities


You were on level 3 of the Dungeon.
You were not hungry.

You visited 1 branch of the dungeon, and saw 3 of its levels.

You collected 142 gold pieces.

Inventory:

Hand Weapons
 e - a +0 short sword of speed (weapon)
 q - a +0 hunting sling
Armour
 a - a +0 robe (worn)
 b - a +0 hat
 m - a +0 helmet (worn)
 p - a +0 buckler
Scrolls
 f - 4 scrolls of enchant armour {unknown}
 h - a scroll of teleportation {unknown}
 j - a scroll of fear {unknown}
 l - a scroll of remove curse {unknown}
Potions
 g - 2 potions of haste {unknown}
 i - a potion of brilliance {unknown}
 k - a potion of heal wounds {unknown}
 n - a potion of might {unknown}
 o - a potion of curing {unknown}
Books
 c - a book of Minor Magic

   Spells                             Type                      Level
   a - Magic Dart                     Conjuration                  1
   b - Blink                          Translocation                2
   c - Call Imp                       Summoning                    2
   d - Slow                           Hexes                        2
   e - Conjure Flame                  Conjuration/Fire             3
   f - Mephitic Cloud                 Conjuration/Poison/Air       3
Comestibles
 d - 7 rations


   Skills:
 + Level 2.9 Dodging
 + Level 3.1 Stealth
 + Level 0.1 Shields
 * Level 5.3 Spellcasting
 + Level 1.8 Conjurations
 + Level 1.6 Summonings
 + Level 1.7 Translocations
 + Level 0.8 Air Magic
 + Level 0.8 Poison Magic


You had 2 spell levels left.
You knew the following spells:

 Your Spells              Type           Power        Failure   Level  Hunger
a - Magic Dart            Conj           ###.         4%          1    None
b - Call Imp              Summ           ##......     7%          2    None
c - Blink                 Tloc           N/A          6%          2    None
e - Mephitic Cloud        Conj/Pois/Air  ##......     16%         3    ##.....
f - Conjure Flame         Conj/Fire      ##......     17%         3    ##.....


Dungeon Overview and Level Annotations

Branches:
Dungeon (3/15)

Altars:
Kikubaaqudgha

Annotations:
D:3 Ijyb


Message History

Press: ? - help, Shift-Dir - straight line, f/p - kobold
Aim: a kobold, wielding a dagger (moderately wounded)
The magic dart hits the kobold.
The kobold is severely wounded.
Ijyb shouts!
Ijyb zaps a wand.
The bolt of acid hits you!
You are splashed with acid!
The acid burns!
Ouch! That really hurt!
* * * LOW HITPOINT WARNING * * *
It is a wand of acid (6).
Casting: Magic Dart
Confirm with . or Enter, or press ? or * to list all spells.
Aiming: Mephitic Cloud
Press: ? - help, Shift-Dir - straight line, f - Ijyb, p - kobold
Aim: Ijyb, wielding a dagger, wearing a leather armour and carrying a wand of acid (6)
You miscast Mephitic Cloud.
You are very lightly contaminated with residual magic.
Sparks fly from your hands!
Ijyb zaps a wand.
The bolt of acid hits you!
Ouch! That really hurt!
You die...

...... ##
$.... #. !.K.
# ##.#... #.
.g... #.. ...
... ##.### ..
#.@..#
#.##....#
#†......#
..######....#
....†.......#
######.#####
#....#.#
#.#<.#.#
#>####.#


You could see Ijyb and a kobold.

Vanquished Creatures
  Robin (D:2)
  3 adders (D:2)
  A leopard gecko (D:2)
  3 bats
  13 goblins
  11 hobgoblins
  3 jackals (D:1)
  A quokka (D:2)
  4 frilled lizards
  9 kobolds
  6 rats
55 creatures vanquished.

Vanquished Creatures (others)
  A human (D:2)
1 creature vanquished.

Grand Total: 56 creatures vanquished

Notes
Turn   | Place    | Note
-------+----------+-------------------------------------------
     0 | D:1      | Mefis the Deep Elf Wizard began the quest for the Orb.
     0 | D:1      | Reached XP level 1. HP: 10/10 MP: 7/7
   210 | D:1      | Reached XP level 2. HP: 15/15 MP: 7/9
   214 | D:1      | Learned a level 2 spell: Call Imp
   217 | D:1      | Learned a level 2 spell: Blink
   483 | D:1      | Reached skill level 5 in Spellcasting
   701 | D:1      | Reached XP level 3. HP: 12/19 MP: 0/11
   706 | D:1      | Learned a level 3 spell: Conjure Flame
   710 | D:1      | Learned a level 3 spell: Mephitic Cloud
  1460 | D:2      | Noticed Robin
  1633 | D:2      | Found an ancient bone altar of Kikubaaqudgha.
  1634 | D:2      | Noticed a human
  1635 | D:2      | Killed a human
  1950 | D:2      | Reached XP level 4. HP: 22/24 MP: 5/13
  2331 | D:2      | Killed Robin
  2534 | D:3      | Noticed Ijyb
  2535 | D:3      | Killed from afar by Ijyb

Skill      XL: |  1  2  3 |
---------------+----------+-----
Spellcasting   | 5 |  5.3
Stealth        | 3 |  3.1
Dodging        | |  2.9
Shields        | |  0.1
Conjurations   | |  1.8
Summonings     | |  1.6
Translocations | |  1.7
Air Magic      | |  0.8
Poison Magic   | |  0.8

Action                   |  1- 3 |  4- 6 || total
-------------------------+-------+-------++-------
Melee: Short sword       |     2 |     2 ||     4
 Cast: Magic Dart        |    85 |    27 ||   112
       Mephitic Cloud    |     1 |     2 ||     3
       Conjure Flame     |       |     2 ||     2
 Stab: Sleeping          |     1 |       ||     1
  Eat: Chunk             |     2 |     3 ||     5
Armor: Robe              |     1 |       ||     1
Dodge: Dodged            |    13 |     5 ||    18
